 Dungeon Crawl Stone Soup version 0.23.2-30-g0e89c35649 (webtiles) character file.

Game seed: 12579488063928997818

744 mahrnol the Grappler (level 7, 2/70 HPs)
             Began as a Troll Fighter on June 14, 2019.
             Was a Priest of Ru.
             Quit the game on level 8 of the Dungeon on June 15, 2019.
             The game lasted 00:44:02 (6054 turns).

mahrnol the Grappler (Troll Fighter)                Turns: 6054, Time: 00:44:03

Health: 2/70       AC:  6    Str: 29    XL:     7   Next: 47%
Magic:  6/6        EV: 10    Int:  4    God:    Ru [***...]
Gold:   326        SH: 10    Dex:  9    Spells: 6/6 levels left

rFire    . . .     SeeInvis .     - Unarmed
rCold    . . .     Gourm    +   b - +0 shield
rNeg     . . .     Faith    .   a - +0 robe
rPois    .         Spirit   .   (helmet restricted)
rElec    .         Reflect  .   (no cloak)
rCorr    +         Harm     .   (gloves unavailable)
MR       +....                  (boots unavailable)
Stlth    +.........             k - amulet of inaccuracy (curse)
HPRegen  0.61/turn              G - ring of resist corrosion
MPRegen  0.10/turn              p - ring of protection from magic

@: lethally poisoned (2 -> -2), exhausted, no scrolls, lightly drained
A: large, unfitting armour, claws 3, fast metabolism 3, gourmand, regeneration
1, shaggy fur 1, tough skin 3, inability to read while threatened, inexperienced
1
a: Draw Out Power, Renounce Religion


You were on level 8 of the Dungeon.
You worshipped Ru.
Ru was most pleased with you.
You were very full.

You visited 1 branch of the dungeon, and saw 8 of its levels.

You collected 326 gold pieces.

Inventory:

Missiles
 g - 22 sling bullets
 i - 11 large rocks (quivered)
 u - 5 tomahawks
 w - 2 tomahawks of returning
 y - 27 poisoned needles
Armour
 a - a +0 robe (worn)
 b - a +0 shield (worn)
Magical Staves
 q - an uncursed staff of energy
Jewellery
 k - a cursed amulet of inaccuracy (around neck)
 n - an uncursed ring of ice
 p - a ring of protection from magic (right claw)
 r - an uncursed amulet of faith {unknown}
 G - a ring of resist corrosion (left claw)
 J - a +2 amulet of reflection {unknown}
 K - an uncursed amulet of rage {unknown}
Wands
 x - a wand of acid (7)
 E - a wand of scattershot (3)
 N - a wand of flame (20)
Scrolls
 e - 4 scrolls of teleportation {unknown}
 f - a scroll of fear {unknown}
 h - 2 scrolls of immolation
 j - 7 scrolls of identify
 l - 2 scrolls of blinking {unknown}
 m - a scroll of fog {unknown}
 t - a scroll of magic mapping {unknown}
 A - 2 scrolls of remove curse {unknown}
 D - 2 scrolls of enchant armour {unknown}
 F - a scroll of noise {unknown}
Potions
 c - a potion of might
 o - a potion of haste {unknown}
 s - 2 potions of ambrosia {unknown}
 v - a potion of curing {unknown}
 z - a potion of lignification {unknown}
 B - 2 potions of degeneration {unknown}
 C - 2 potions of agility {unknown}
 H - 2 potions of brilliance {unknown}
 I - a potion of flight {unknown}
 L - a potion of heal wounds {unknown}
Comestibles
 d - 23 rations
 M - 2 chunks of flesh


   Skills:
 + Level 4.0(3.6) Fighting
 + Level 5.5(5.2) Dodging
 + Level 1.4(1.1) Stealth
 + Level 5.8(5.5) Shields
 + Level 8.2(7.9) Unarmed Combat


You had 6 spell levels left.
You didn't know any spells.
Your spell library contained the following spells:

 Spells                   Type           Power        Failure   Level  Hunger
 Corona                   Hex            #......      77%         1    ##.....
 Ensorcelled Hibernation  Hex/Ice        #.....       88%         2    ###....
 Confuse                  Hex            #.......     98%         3    ####...
 Dazzling Spray           Conj/Hex       #.....       98%         3    ####...
 Tukima's Dance           Hex            #.......     98%         3    ####...
 Bolt of Magma            Conj/Fire/Erth #.........   100%        5    ######.
 Iskenderun's Battlesphe  Conj/Chrm      #.......     100%        5    ######.
 Venom Bolt               Conj/Pois      #.........   100%        5    ######.
 Iron Shot                Conj/Erth      #.........   100%        6    #######
 Orb of Destruction       Conj           #.........   100%        7    #######
 Spellforged Servitor     Conj/Summ      #.........   100%        7    #######


Dungeon Overview and Level Annotations

Branches:
Dungeon (8/15)             Temple (0/1) D:6
   Lair: D:8-11

Altars:
Ru
Wu Jian
Xom

Shops:
D:7 :

Annotations:
D:2 Sigmund, Terence


Innate Abilities, Weirdness & Mutations

You are too large for most types of armour.
You have claws for hands.
Your metabolism is lightning-fast.
You like to eat raw meat.
Your natural rate of healing is unusually fast.
You are covered in fur. (AC +1)
You have extremely tough skin. (AC +3)
You cannot read scrolls while threatened.
You are somewhat inexperienced. (-2 XL)


Message History

The killer bee is almost dead.
You feel sick.
The killer bee is stunned by your will and fails to attack.
The orc wizard mumbles some strange words.
The orc wizard blinks!
You block the orc warrior's attack.
You miss the killer bee.
The killer bee is almost dead.
You feel sick. You block the killer bee's attack. The killer bee stings you.
* * * LOW HITPOINT WARNING * * *
* * * LOW HITPOINT WARNING * * *
You feel sick.
The killer bee stings you but does no damage.
* * * LOW HITPOINT WARNING * * *
You feel sick. The killer bee misses you.
* * * LOW HITPOINT WARNING * * *
You feel sick. You block the killer bee's attack.
* * * LOW HITPOINT WARNING * * *
You feel sick.
The killer bee stings you but does no damage.
Are you sure you want to abandon this character and quit the game? (Confirm with "yes".)

##..# # #...#
#.#.#o# #.#.#.#
#...†.# .#
###.#########.#
##.###.......#
#..o##.##....#
#....y@.S..#
#...##÷##..#
######.....#
#.÷#### ##....#
###..# ..# ...
#...


You could see an orc warrior, a killer bee and an adder (wandering).

Vanquished Creatures
  Grinder (D:4)
  A spriggan (D:7)
  A hungry ghost (D:7)
  3 sky beasts
  An orc warrior (D:6)
  A hornet zombie (D:6)
  4 ogres
  A crocodile (D:7)
  3 bullfrogs
  2 killer bees (D:8)
  A howler monkey (D:8)
  2 crimson imps
  A quasit (D:6)
  A hound (D:4)
  4 orc priests
  2 gnoll shamans
  6 orc wizards
  A bullfrog skeleton (D:6)
  An iguana (D:6)
  3 worker ants (D:4)
  A killer bee zombie (D:8)
  A hound skeleton (D:4)
  2 howler monkey zombies (D:6)
  13 gnolls
  A worker ant zombie (D:6)
  4 adders
  4 shadow imps
  An ooze (D:1)
  2 adder skeletons
  3 worms
  A leopard gecko (D:3)
  25 orcs
  4 giant cockroaches
  4 goblins
  6 hobgoblins
  7 jackals
  3 quokkas
  5 bats
  A frilled lizard (D:4)
  5 kobolds
133 creatures vanquished.

Vanquished Creatures (others)
  A scorpion (D:7)
1 creature vanquished.

Grand Total: 134 creatures vanquished

Notes
Turn   | Place    | Note
-------+----------+-------------------------------------------
     0 | D:1      | mahrnol the Troll Fighter began the quest for the Orb.
     0 | D:1      | Reached XP level 1. HP: 22/22 MP: 0/0
   224 | D:1      | Reached XP level 2. HP: 29/29 MP: 1/1
   723 | D:2      | Found a faded altar of an unknown god.
   740 | D:2      | Noticed Terence
   740 | D:2      | Noticed Sigmund
   854 | D:3      | Reached XP level 3. HP: 34/36 MP: 2/2
   978 | D:3      | Reached XP level 4. HP: 43/44 MP: 3/3
  1925 | D:4      | Reached skill level 3 in Unarmed Combat
  1925 | D:4      | Reached XP level 5. HP: 50/52 MP: 4/4
  2002 | D:4      | Noticed Grinder
  2083 | D:4      | Paralysed by Grinder for 4 turns
  2114 | D:4      | Killed Grinder
  2114 | D:4      | Reached skill level 4 in Unarmed Combat
  2114 | D:4      | Reached XP level 6. HP: 10/61 MP: 5/5
  2215 | D:4      | Found a sacrificial altar of Ru.
  2223 | D:4      | Became a worshipper of Ru the Awakened
  2334 | D:4      | Reached XP level 7. HP: 67/67 MP: 6/6
  2391 | D:4      | Reached skill level 5 in Unarmed Combat
  2850 | D:4      | Found an ornate altar of the Wu Jian Council.
  2850 | D:4      | Found a shimmering altar of Xom.
  3217 | D:5      | Entered Level 5 of the Dungeon
  3541 | D:5      | Gained mutation: You cannot read scrolls while threatened.
                  | [Ru sacrifice]
  3541 | D:5      | Reached * piety under Ru
  3940 | D:5      | Paralysed by fainting for 11 turns
  3975 | D:6      | Paralysed by fainting for 9 turns
  4064 | D:6      | Reached XP level 8. HP: 68/75 MP: 7/7
  4160 | D:6      | Found a staircase to the Ecumenical Temple.
  4190 | D:6      | Reached skill level 6 in Unarmed Combat
  4303 | D:6      | Reached skill level 1 in Stealth
  4566 | D:6      | Reached skill level 5 in Shields
  4566 | D:6      | Reached skill level 7 in Unarmed Combat
  4670 | D:6      | Noticed a troll
  4671 | D:6      | Noticed a kobold demonologist
  5121 | D:7      | Reached skill level 5 in Dodging
  5476 | D:7      | Found Gixziulo's Book Shoppe.
  5523 | D:7      | Reached XP level 9. HP: 84/84 MP: 8/8
  5875 | D:7      | Reached skill level 8 in Unarmed Combat
  6024 | D:8      | Gained mutation: You are somewhat inexperienced. (-2 XL)
                  | [Ru sacrifice]
  6024 | D:8      | Reached XP level 8. HP: 78/78 MP: 7/7
  6024 | D:8      | Reached XP level 7. HP: 70/70 MP: 6/6
  6024 | D:8      | Reached ** piety under Ru
  6024 | D:8      | Reached *** piety under Ru
  6051 | D:8      | HP: 3/70 [poisoned by a killer bee]
  6054 | D:8      | Quit the game

Skill      XL: |  1  2  3  4  5  6  7  8  9 |
---------------+----------------------------+-----
Dodging        | 3 4 5 |  5.5
Shields        | 3 4 5 |  5.8
Unarmed Combat | 3 4 5 7 8 |  8.2
Fighting       | 3 4 |  4.0
Stealth        | 1 |  1.4

Action                   |  1- 3 |  4- 6 |  7- 9 || total
-------------------------+-------+-------+-------++-------
Melee: Unarmed           |    77 |   201 |   382 ||   660
Invok: Draw Out Power    |       |       |     1 ||     1
       Sacrifice Words   |       |       |     1 ||     1
       Sacrifice Experie |       |       |     1 ||     1
  Use: Scroll            |       |       |     1 ||     1
 Stab: Sleeping          |       |       |     2 ||     2
       Distracted        |       |       |     1 ||     1
  Eat: Chunk             |    14 |    13 |    37 ||    64
       Ration            |       |       |     1 ||     1
Armor: Robe              |    22 |    56 |    91 ||   169
Dodge: Dodged            |    24 |    55 |    99 ||   178
Block: Shield            |    24 |    87 |   148 ||   259
